cohdb
Replays
Latest Replays
All Replays
Popular Replays
Top Player Replays
Match Explorer
How It Works
Community
CoH3 Stats
Reddit
Sign in to upload your games and track your stats! →
Sign in with Steam
Match 42032333
Unlisted
Match 42032333
Overview
Messages
Build Orders
End
Panzergrenadier Squad
Selects Italian Infantry
Panzergrenadier Squad
250 Light Carrier
Construct Light Support Kompanie
Panzerjäger Squad
Combat Half-tracks
Construct Mechanized Kompanie
Selects Guastatori Squad
Veteran Squad Leaders
AI Takeover
homig
kerem
sunsetistaken
[Ⓥ] Haisen
ira88
bt512
Klaudio75
dkdkabc
0
0
Comments
sign in to comment!
No comments posted yet!